Map: Solaris LE

Players

zephyr

  • Race: Protoss Protoss
  • League: Diamond
  • Spawn Location: 7:00

SubN - Winner!

  • Race: Zerg Zerg
  • League: Diamond
  • Spawn Location: 1:00

VOD

Have the link to the VOD?

Description

Time

  • Played on: Dec. 29, 2023, 2:13 p.m.
  • Length: 14:01
Show
View Real Time Build Order
Export as new Build Order

zephyr Protoss 

Build Orders: 1 Gate Expand, Carriers 

Get SALT Encoding   

  12  0:00  Probe  
  13  0:13  Probe  
  14  0:19  Pylon  
  14  0:26  Probe  
  15  0:38  Probe (Chrono Boost)  
  15  0:41  Gateway  
  17  0:50  Probe (Chrono Boost)  
  17  0:52  Assimilator  
  17  0:56  Probe (Chrono Boost)  
  18  1:05  Probe  
  19  1:24  Nexus  
  19  1:32  Cybernetics Core  
  19  1:40  Assimilator  
  19  1:47  Pylon  
  19  1:52  Probe  
  20  2:01  Gateway  
  20  2:05  Probe  
  21  2:08  Stalker (Chrono Boost)  
  21  2:14  Warp Gate  
  23  2:17  Probe  
  23  2:53  Zealot  
  23  2:55  Probe x2  
  27  3:03  Stargate  
  27  3:07  Probe x2  
  29  3:19  Probe x2  
  31  3:24  Pylon  
  31  3:31  Probe x2  
  31  3:32  Shield Battery  
  33  3:43  Probe  
  33  3:44  Probe, Robotics Facility  
  39  3:55  Probe  
  39  3:56  Probe, Void Ray  
  41  4:08  Probe x2  
  43  4:11  Forge  
  43  4:17  Assimilator  
  43  4:19  Assimilator  
  43  4:20  Probe x2  
  45  4:32  Probe x2  
  47  4:44  Probe x2  
  53  4:56  Probe  
  53  4:58  Void Ray  
  53  4:59  Nexus  
  54  5:02  Pylon x2  
  54  5:20  Immortal, Stargate, Protoss Ground Weapons Level 1  
  58  5:28  Photon Cannon  
  58  5:29  Photon Cannon  
  58  5:30  Photon Cannon  
  58  5:33  Shield Battery  
  58  5:49  Void Ray  
  62  5:51  Probe  
  62  5:52  Probe  
  64  6:03  Probe  
  68  6:19  Void Ray  
  68  6:21  Probe x3  
  75  6:33  Probe  
  75  6:38  Void Ray  
  76  6:48  Immortal  
  80  6:54  Probe  
  80  6:55  Probe x2  
  80  6:56  Fleet Beacon  
  83  7:06  Probe  
  83  7:07  Probe  
  85  7:09  Shield Battery  
  85  7:10  Shield Battery  
  85  7:13  Shield Battery  
  85  7:20  Pylon  
  85  7:21  Pylon  
  85  7:22  Gateway  
  85  7:26  Gateway x2  
  85  7:27  Protoss Ground Armor Level 1  
  85  7:38  Probe x3  
  85  7:40  Assimilator  
  85  7:42  Assimilator  
  85  7:44  Void Ray  
  92  7:47  Flux Vanes  
  92  7:50  Probe  
  97  7:52  Probe x2  
  97  7:56  Void Ray  
  99  7:59  Pylon  
  99  8:01  Pylon  
  99  8:02  Pylon  
  99  8:09  Twilight Council  
  99  8:17  Immortal  
  99  8:19  Photon Cannon  
  103  8:20  Photon Cannon  
  103  8:21  Photon Cannon  
  103  8:25  Pylon  
  103  8:27  Pylon  
  103  8:33  Carrier  
  109  8:34  Carrier  
  109  8:39  Probe x3  
  118  8:47  Stalker x3  
  118  9:14  Photon Cannon  
  118  9:15  Photon Cannon  
  118  9:17  Photon Cannon  
  118  9:19  Photon Cannon x2  
  118  9:22  Pylon  
  118  9:24  Pylon  
  118  9:27  Pylon  
  118  9:31  Pylon  
  118  9:34  Pylon  
  118  9:35  Pylon  
  118  9:37  Protoss Ground Weapons Level 2, Charge (Chrono Boost)  
  118  9:39  Pylon  
  118  9:40  Gateway  
  118  9:43  Gateway  
  110  10:09  Zealot x5  
  114  10:19  Carrier x2 (Chrono Boost)  
  116  10:42  Zealot x7  
  118  11:08  Probe x2  
  120  11:13  Carrier x2 (Chrono Boost)  
  120  11:15  Nexus  
  120  11:18  Pylon  
  132  11:19  Pylon  
  132  11:22  Assimilator  
  132  11:25  Forge  
  132  11:27  Assimilator  
  132  11:31  Pylon  
  132  11:58  Pylon  
  130  12:02  Pylon  
  130  12:06  Zealot x5  
  137  12:17  Templar Archives  
  137  12:20  Carrier x2  
  149  12:29  Observer  
  122  12:45  Stalker  
  122  12:46  Stalker x2, Photon Cannon  
  122  12:47  Photon Cannon  
  122  12:48  Photon Cannon  
  122  12:50  Observer, Photon Cannon  
  122  12:51  Photon Cannon x2  
  113  12:53  Shield Battery  
  89  13:07  High Templar x4  
  89  13:08  High Templar  
  89  13:09  High Templar x2  
  89  13:11  Archon x2  
  93  13:13  Archon  
  85  13:39  Zealot x3  
  85  13:40  Zealot  
  87  13:47  Stalker x3  
Show
View Real Time Build Order
Export as new Build Order

SubN Zerg - Winner!

Build Orders: Pool First 

Get SALT Encoding   

  12  0:00  Drone  
  13  0:12  Overlord  
  13  0:16  Drone  
  14  0:30  Drone x2  
  14  0:35  Drone  
  17  0:44  Extractor  
  17  0:47  Spawning Pool  
  15  0:51  Drone  
  15  0:55  Drone  
  17  1:06  Drone  
  18  1:17  Drone  
  19  1:26  Hatchery  
  19  1:29  Drone  
  19  1:38  Queen  
  21  1:42  Zergling x2  
  22  1:50  Metabolic Boost  
  22  1:56  Overlord  
  22  2:22  Hatchery  
  21  2:27  Drone x3  
  24  2:37  Queen  
  26  2:45  Drone  
  26  2:46  Drone  
  27  2:58  Queen  
  29  3:10  Zergling x6  
  32  3:14  Burrow, Drone x2  
  34  3:21  Overlord  
  34  3:25  Overlord  
  34  3:31  Drone x2  
  36  3:34  Queen  
  38  3:51  Overlord  
  38  3:53  Drone x6  
  44  3:58  Drone  
  44  4:00  Queen  
  47  4:12  Drone x4  
  51  4:21  Overlord  
  51  4:26  Overlord  
  51  4:34  Drone x10  
  61  4:41  Roach Warren  
  61  4:43  Evolution Chamber, Extractor  
  61  4:44  Evolution Chamber, Extractor  
  56  4:49  Lair  
  56  4:52  Drone x2  
  58  4:53  Drone  
  58  4:56  Overlord  
  58  4:57  Extractor  
  58  5:10  Drone x3  
  58  5:11  Drone x3  
  64  5:14  Drone x3  
  64  5:20  Queen  
  64  5:21  Queen  
  69  5:24  Drone  
  69  5:27  Drone x2  
  74  5:29  Overlord x3  
  74  5:32  Overlord  
  74  5:46  Glial Reconstitution  
  75  5:50  Drone x3  
  74  6:04  Queen  
  74  6:06  Drone x3  
  74  6:09  Extractor  
  78  6:11  Extractor  
  78  6:14  Zerg Ground Armor Level 1, Zerg Missile Weapons Level 1  
  78  6:16  Drone x2  
  79  6:19  Pneumatized Carapace  
  79  6:20  Overlord x4  
  79  6:25  Overseer  
  79  6:26  Overseer  
  79  6:31  Drone x3  
  79  6:32  Drone x2  
  84  6:45  Roach  
  84  6:46  Roach x9  
  104  6:50  Queen  
  106  6:55  Roach x5  
  116  7:02  Overseer  
  116  7:05  Tunneling Claws, Overlord x3  
  116  7:06  Overlord  
  116  7:07  Overlord  
  116  7:10  Overlord  
  116  7:17  Hatchery  
  116  7:18  Extractor  
  114  7:22  Ravager  
  114  7:23  Ravager x4  
  119  7:31  Roach  
  121  7:39  Overlord  
  121  7:40  Overlord x2  
  121  7:43  Drone  
  122  7:47  Spire  
  121  7:53  Drone x3  
  121  7:55  Drone x3  
  121  7:56  Extractor  
  126  8:03  Roach  
  126  8:04  Roach x8  
  144  8:11  Ravager  
  144  8:12  Ravager x4  
  149  8:17  Ravager  
  149  8:18  Zergling x6  
  149  8:19  Zergling x10  
  158  8:31  Zerg Missile Weapons Level 2  
  126  9:05  Corruptor x8  
  137  9:10  Zergling x2  
  137  9:11  Zergling x18  
  137  9:13  Queen  
  137  9:16  Zerg Flyer Weapons Level 1  
  149  9:18  Zerg Ground Armor Level 2  
  149  9:20  Drone x3  
  152  9:31  Corruptor x2  
  152  9:34  Hatchery  
  155  9:41  Corruptor x3  
  155  9:44  Zergling x2  
  155  9:45  Zergling x16  
  157  10:28  Corruptor x7  
  157  10:29  Corruptor x2  
  175  10:36  Overlord  
  175  10:37  Overlord x2  
  175  10:38  Overseer  
  134  10:57  Roach  
  134  10:58  Roach x5  
  134  11:03  Corruptor x2  
  134  11:04  Corruptor x2  
  154  11:11  Hatchery  
  154  11:13  Drone x3  
  154  11:16  Unknown  
  154  11:17  Queen  
  157  11:26  Corruptor  
  157  11:27  Corruptor x3  
  157  11:28  Roach x8  
  162  11:58  Roach x13  
  162  11:59  Roach x2  
  162  12:00  Hatchery  
  191  12:02  Extractor  
  191  12:07  Infestation Pit  
  173  12:19  Ravager x7  
  173  12:21  Zergling x10  
  173  12:22  Zergling x10  
  190  12:23  Overlord  
  178  12:50  Roach  
  190  12:51  Roach x11  
  189  13:00  Roach  
  189  13:01  Roach x4  
  188  13:15  Queen  
  188  13:17  Roach  
  188  13:18  Roach x5  
  200  13:23  Overseer x3  
  200  13:24  Overseer x3  
Tags
 
Add a new tag
Caveats
  • Supply blocks, unpowered buildings, or Contaminate may cause inaccurate times.
  • Supply counts are checked every 10 seconds.